Unix NetHack Version 5.0.0-0 post-release - last build Jun 10 2026 00:39:30 (3ee93aec679c4c4259841fe613dc97188e26a321,branch:main).

Game began 2026-06-23 17:12:22, ended 2026-06-23 17:26:04.

DaveT, lawful male human Priest

    ---------    -----------      ----           ----------
    |...{...|    |...*......#     |..|           |........|
    |.......|   %-.%....>..|######...|           |........|
    |.......| ###|.........|#     ----           |........|
    |.......| #  --------|--#                   #-........|
    |........##          # ##                   #----.-----
    |.......|#         ### #                 ####    #
    ------.--#         #   #                 #       #              -------
          #  #     #####   #               ###     ###              |.....|
          #  #     #      ##               #       #             ###-.....|
      #####  #    ##      #-------------   #       #             #  |.....|
     ##      #----|---    #|..<........|   #       # #           #  |.....|
    ##       #.......|    #|)..........| ###     --|-|------  ####  -------
   ##         |....[.|    #|......_....|a#       |.........-###
  ##          |......|    #............@a        |.........|
 -|----       --------     |...........|         |.........|
 |....|                    |...........|         |........>|
 |%%%%|                    -------------         |.........|
 ------                                          -----------

DaveT the Adept              St:13 Dx:14 Co:15 In:8 Wi:18 Ch:10  Lawful
Dlvl:4  $:3003 HP:0(49) Pw:50(50) AC:0  Xp:6 T:2166  Burdened

Latest messages:
 You continue digging.
 You hit the rock with all your might.
 You stop digging.
 The pony kicks!
 The pony misses!
 You continue digging.
 You hit the rock with all your might.
 You stop digging.
 The pony kicks!
 The pony bites!
 What do you want to wield? [- alABI or ?*] a
 a - a blessed +6 mace (weapon in right hand).
 The pony kicks!
 The pony misses!
 The pony misses!
 The pony misses!
 The pony misses!
 The pony bites!
 You kill the pony!
 Welcome to experience level 6.
 You see here a pony corpse.
 You have extreme difficulty lifting a pony corpse.  Continue? [ynq] (q) y
 You have extreme difficulty lifting M - a pony corpse.
 You can barely move a handspan with this load!
 The giant ant misses!
 The giant ant misses!
 The giant ant bites!
 The giant ant bites!
 The giant ant bites!
 The giant ant misses!
 The giant ant bites!
 The giant ant misses!
 The giant ant misses!
 The giant ant misses!
 The giant ant bites!
 The giant ant misses!
 The giant ant bites!
 The giant ant bites!
 What do you want to drop? [$a-fj-mtw-yABG-IK-M or ?*] ?
 You drop a pony corpse.
 Your movements are only slowed slightly by your load.
 The giant ant bites!
 The giant ant bites!
 The giant ant bites!
 The giant ant bites!
 The giant ant bites!
 The giant ant bites!
 You die...
 Do you want your possessions identified? [ynq] (y) y
 Do you want to see your attributes? [ynq] (y) q

Inventory:
 Coins    ('$')
  $ - 3003 gold pieces
 Weapons  (')')
  l - a +0 boomerang
  B - a +0 dagger
  A - a blessed +2 elven dagger
  a - a blessed +6 mace (weapon in right hand)
 Armor    ('[')
  L - a blessed rustproof +2 orcish helm (being worn)
  w - a +0 pair of elven boots (being worn)
  c - a +0 small shield (being worn)
  b - a +0 robe (being worn)
  x - a blessed +0 studded leather armor (being worn)
 Comestibles  ('%')
  e - a clove of garlic
  k - 4 food rations
  f - a sprig of wolfsbane
  m - a tin of soup made from sewer rat meat
 Scrolls  ('?')
  G - a scroll of light
 Potions  ('!')
  d - 3 potions of holy water
  j - 4 potions of water
 Wands    ('/')
  t - a wand of magic missile (0:5)
 Tools    ('(')
  H - a brass lantern
  y - a credit card
  I - a +0 pick-axe
 Gems/Stones  ('*')
  K - a touchstone

DaveT the Priest's attributes:

Background:
 You were an Adept, a level 6 human Priest.
 You were lawful, on a mission for Amaterasu Omikami
 who was opposed by Raijin (neutral) and Susanowo (chaotic).
 You were right-handed.
 You were in the Dungeons of Doom, on level 4.
 You entered the dungeon 2166 turns ago.
 You had 329 experience points, 311 more were needed to attain level 7.

Basics:
 You had 0 out of 49 hit points.
 You had all 50 energy points (spell power).
 Your armor class was 0.
 Your wallet contained 3003 zorkmids.
 Autopickup was off.

Final Characteristics:
 Your strength was 13 (limit:18/100).
 Your dexterity was 14 (limit:18).
 Your constitution was 15 (limit:18).
 Your intelligence was 8 (limit:18).
 Your wisdom was 18 (limit:18).
 Your charisma was 10 (limit:18).

Final Status:
 You weren't hungry.
 You were burdened; movement was slightly slowed.
 You were wielding a mace.
 You had basic skill with mace.

Final Attributes:
 You were piously aligned.
 You were stealthy.
 You were guarded.
 Your spell casting was enhanced by wearing a robe.
 You were fast.
 You are dead.

Miscellaneous:
 You didn't encounter any bones levels.
 Total elapsed playing time was 13 minutes and 41 seconds.

Major events:
 Turn
    1: DaveT the lawful human Priest entered the dungeon
  993: attained the rank of Acolyte (level 3)
 1497: entered the Gnomish Mines
 2148: attained the rank of Adept (level 6)
 2166: killed by a giant ant

Spells:
 Name                 Level Category     Fail Retention
 light                  1   clerical       0%   81%-90%
 detect monsters        1   divination     0%  76%-100%
 healing                1   healing        0%  76%-100%

Skills:
 Fighting Skills
   bare handed combat [Unskilled]
 Weapon Skills
   club               [Unskilled]
   mace               [Basic]
   morning star       [Unskilled]
   flail              [Unskilled]
   hammer             [Unskilled]
   quarterstaff       [Unskilled]
   polearms           [Unskilled]
   spear              [Unskilled]
   trident            [Unskilled]
   lance              [Unskilled]
   bow                [Unskilled]
   sling              [Unskilled]
   crossbow           [Unskilled]
   dart               [Unskilled]
   shuriken           [Unskilled]
   boomerang          [Unskilled]
   unicorn horn       [Unskilled]
 Spellcasting Skills
   healing spells     [Unskilled]
   divination spells  [Unskilled]
   clerical spells    [Basic]

Voluntary challenges:
 Character rerolling was not enabled.
 You never genocided any monsters.
 You never polymorphed an object.
 You never changed form.
 You used no wishes.
Achievements:
 You entered a shop.
 You attained the rank of Acolyte.
 You entered the Gnomish Mines.
 You attained the rank of Adept.

 The Dungeons of Doom: levels 1 to 5
    Level 1:
       A fountain.
    Level 2: "empty vault"
       Some fountains.
    Level 3:
       A general store.
    Level 4: "empty vault" <- You were here.
       A food shop, an altar to Amaterasu Omikami, a fountain.
       Stairs down to The Gnomish Mines.
       Final resting place for
          you, killed by a giant ant.
    Level 5:
 The Gnomish Mines: levels 5 to 6
    Level 5:
    Level 6:


Vanquished creatures:
  a small mimic
  2 ponies
  3 gnome leaders
  a giant ant
  a little dog
  a dwarf
  a kobold leader
  a monkey
  2 iguanas
  3 acid blobs
  2 hobbits
  a hobgoblin
  2 giant rats
  a brown mold
  2 yellow molds
  a red mold
 11 gnomes
  3 jackals
  3 kobolds
  2 goblins
  a sewer rat
  2 grid bugs
  2 bats
  5 newts
54 creatures vanquished.

No species were genocided or became extinct.

Game over:
                       ----------
                      /          \
                     /    REST    \
                    /      IN      \
                   /     PEACE      \
                  /                  \
                  |      DaveT       |
                  |     3003 Au      |
                  |   killed by a    |
                  |    giant ant     |
                  |                  |
                  |                  |
                  |       2026       |
                 *|     *  *  *      | *
        _________)/\\_//(\/(/\)/\//\/|_)_______

Goodbye DaveT the Priest...

You died in The Dungeons of Doom on dungeon level 4 with 4309 points,
and 3003 pieces of gold, after 2166 moves.
You were level 6 with a maximum of 49 hit points when you died.

